 Dungeon Crawl Stone Soup version 0.18.1-48-g4cf74bf (webtiles) character file.

1905 enikus the Fighter (level 9, -5/59 HPs)
             Began as a Gargoyle Fighter on Aug 3, 2016.
             Was a Priest of Trog.
             Killed by divine providence
             ... invoked by an orc priest
              (12 damage)
             ... on level 7 of the Dungeon.
             The game lasted 00:53:41 (8934 turns).

enikus the Fighter (Gargoyle Fighter)               Turns: 8934, Time: 00:53:42

Health: -5/59      AC: 24    Str: 22      XL:     9   Next: 16%
Magic:  0/9        EV:  5    Int: 11 (12) God:    Trog [***...]
Gold:   308        SH: 11    Dex:  9      Spells: 0 memorised, 8 levels left

rFire  . . .     SeeInvis .     a - +1 flail
rCold  . . .     Gourm    .     u - +5 plate armour of the Wheelwright {rPois rCorr Slay-4}
rNeg   + . .     Faith    .     c - +1 shield
rPois  ∞         Spirit   +     (no helmet)
rElec  +         Dismiss  .     B - +0 cloak
rCorr  +         Reflect  .     (no gloves)
SustAt .         Harm     .     (no boots)
MR     .....                    r - amulet of guardian spirit
Stlth  ..........               (no ring)
                                n - ring of resist corrosion

@: not resistant to hostile enchantments, extremely unstealthy
A: clever 1, negative energy resistance 1, electricity resistance, unbreathing,
petrification resistance, rot immunity, AC +5
a: Berserk, Trog's Hand, Burn Spellbooks, Renounce Religion


You were on level 7 of the Dungeon.
You worshipped Trog.
Trog was most pleased with you.
You were hungry.

You visited 2 branches of the dungeon, and saw 8 of its levels.

You collected 308 gold pieces.

Inventory:

Hand Weapons
 a - a +1 flail (weapon)
 d - a +0 falchion
 l - a +1 dagger of chaos
 q - a +2 dagger of speed
 s - a +0 flail
Missiles
 j - 20 poisoned needles
Armour
 c - a +1 shield (worn)
 u - the +5 plate armour of the Wheelwright (worn) {rPois rCorr Slay-4}
   (You found it on level 6 of the Dungeon)

   It affects your accuracy and damage with ranged weapons and melee attacks
   (-4).
   It protects you from poison.
   It protects you from acid and corrosion.
 B - a +0 cloak (worn)
Rods
 b - a +0 rod of clouds (9/9)
   (You found it on level 3 of the Dungeon)
Jewellery
 n - a ring of resist corrosion (left hand)
 r - an amulet of guardian spirit (around neck)
Wands
 i - a wand of random effects (11/48)
Scrolls
 e - 2 scrolls of random uselessness
 f - a scroll of silence
 k - a scroll of magic mapping {unknown}
 m - a scroll of teleportation
 p - a scroll of recharging {unknown}
 t - a scroll of amnesia {unknown}
 w - 2 scrolls of fear
 x - a scroll of identify
 y - 6 scrolls of remove curse
 z - a scroll of enchant armour
 C - a scroll of immolation
Potions
 h - a potion of degeneration
Comestibles
 g - 2 bread rations
 o - 3 fruits
 v - a chunk of flesh


   Skills:
 + Level 8.2 Fighting
 + Level 6.6 Maces & Flails
 + Level 5.9 Armour
 + Level 3.0 Dodging
 - Level 0.2 Stealth
 - Level 5.0 Shields


You had 8 spell levels left.
You didn't know any spells.

Dungeon Overview and Level Annotations

Branches:
Dungeon (7/15)             Temple (1/1) D:7

Altars:
Ashenzari
Cheibriados
Dithmenos
Elyvilon
Fedhas
Gozag
Kikubaaqudgha
Makhleb
Nemelex Xobeh
Okawaru
Pakellas
Qazlal
Ru
Sif Muna
Trog
Vehumet
Xom
Zin
The Shining One

Annotations:
D:3 baghtru's ghost, novice HOFi
D:4 smzp's ghost, novice DECj


Innate Abilities, Weirdness & Mutations

You are resistant to torment.
Your stone body is resilient (AC +5).
You are immune to poison.
You resist negative energy.
You are resistant to electric shocks.
You can survive without breathing.
You are immune to petrification.
You are immune to rotting.
Your mind is acute. (Int +2)


Message History

* * * LOW HITPOINT WARNING * * *
You offer a prayer to Trog.
Trog is most pleased with you.
You hit the orc wizard.
You kill the orc wizard!
Trog accepts your kill.
Trog appreciates your killing of a magic user.
Your Dodging skill increases to level 3!
The orc hits you but does no damage.
Things that are here:
a dagger; a robe; an orc corpse You thump the orc!
You kill the orc!
Trog accepts your kill.
The orc priest invokes the aid of Beogh against you.
Pain shoots through your body!
* * * LOW HITPOINT WARNING * * *
The orc priest mumbles some strange prayers to Beogh against you.
Beogh smites you!
You die...

... ... #.. ##.## .o. #o#
########### #)# #.........# #)#
#.#######.# #@# ######### #.#
#.######.# #........ #.#
#####.#......##### #.#######
#.###................# #.# #
#.........#.###..###.####.#####
#
#.........#.......##..........#
#
#.........####.....######.###.#
# #.........# ##...## #.# #.# #
##.......## ##.## #.###.###


You could see an orc priest and an orc.

Vanquished Creatures
  An orc warrior (D:6)
  An ice beast (D:6)
  2 phantoms (D:6)
  3 ogres
  A centaur (D:5)
  2 giant frogs (D:6)
  A scorpion (D:6)
  4 crimson imps (D:5)
  2 howler monkeys (D:6)
  A hound (D:6)
  7 orc priests
  7 orc wizards
  An iguana (D:4)
  2 worker ants
  A hound zombie (D:7)
  13 adders
  4 gnolls (D:5)
  A shadow imp (D:5)
  An adder zombie (D:5)
  2 oozes
  3 worms
  7 dart slugs
  5 giant geckos
  25 orcs
  7 bats
  10 giant cockroaches
  7 goblins
  8 hobgoblins
  2 quokkas
  A giant gecko skeleton (D:4)
  5 giant newts
  2 kobolds
  A quokka zombie (D:6)
  10 rats
150 creatures vanquished.

Vanquished Creatures (others)
  An orc wizard (D:4)
1 creature vanquished.

Grand Total: 151 creatures vanquished

Notes
Turn   | Place    | Note
--------------------------------------------------------------
     0 | D:1      | enikus the Gargoyle Fighter began the quest for the Orb.
     0 | D:1      | Reached XP level 1. HP: 14/14 MP: 1/1
   511 | D:1      | Reached XP level 2. HP: 17/19 MP: 2/2
   762 | D:1      | Reached XP level 3. HP: 23/24 MP: 3/3
  1256 | D:2      | Found a bloodstained altar of Trog.
  1260 | D:2      | Found a stormy altar of Qazlal.
  1268 | D:2      | Found a sparkling altar of Nemelex Xobeh.
  1273 | D:2      | Found a deep blue altar of Sif Muna.
  1273 | D:2      | Found an ancient bone altar of Kikubaaqudgha.
  1273 | D:2      | Found a radiant altar of Vehumet.
  1273 | D:2      | Found a shattered altar of Ashenzari.
  1273 | D:2      | Found a glowing silver altar of Zin.
  1277 | D:2      | Found a white marble altar of Elyvilon.
  1278 | D:2      | Found a shimmering altar of Xom.
  1279 | D:2      | Found an oddly glowing altar of Pakellas.
  1295 | D:2      | Found a snail-covered altar of Cheibriados.
  1335 | D:2      | Became a worshipper of Trog the Wrathful
  1414 | D:2      | Reached skill level 1 in Dodging
  1510 | D:2      | Reached XP level 4. HP: 22/29 MP: 4/4
  1523 | D:2      | Found a bloodstained altar of Trog.
  1998 | D:3      | Noticed baghtru's ghost (novice HOFi)
  2026 | D:2      | Reached skill level 4 in Fighting
  2302 | D:2      | Reached XP level 5. HP: 33/33 MP: 5/5
  2649 | D:2      | Reached * piety under Trog
  3653 | D:3      | Found a shadowy altar of Dithmenos.
  3869 | D:4      | Noticed smzp's ghost (novice DECj)
  4154 | D:4      | Identified a +0 rod of clouds (9/9) (You found it on level 3 of the Dungeon)
  4172 | D:4      | Reached XP level 6. HP: 21/39 MP: 1/6
  4360 | D:3      | Reached skill level 5 in Fighting
  4786 | D:5      | Entered Level 5 of the Dungeon
  4928 | D:5      | Reached ** piety under Trog
  4928 | D:5      | Reached XP level 7. HP: 14/45 MP: 4/7
  4942 | D:5      | HP: 2/45 [orc wizard/puff of flame (5)]
  5079 | D:5      | HP: 2/45 [ogre/giant club (5)]
  5082 | D:5      | Reached skill level 6 in Fighting
  5662 | D:5      | Reached skill level 5 in Maces & Flails
  5844 | D:6      | Got a bloodstained plate armour
  5855 | D:6      | Identified the +5 plate armour of the Wheelwright {rPois rCorr Slay-4} (You found it on level 6 of the Dungeon)
  6196 | D:5      | Found a shimmering altar of Xom.
  6226 | D:5      | Reached skill level 7 in Fighting
  6226 | D:5      | Reached XP level 8. HP: 37/53 MP: 6/8
  6592 | D:7      | Gained mutation: Your mind is acute. (Int +2) [potion of beneficial mutation]
  7061 | D:6      | Reached skill level 5 in Shields
  7374 | D:6      | Reached skill level 5 in Armour
  7737 | D:6      | Reached skill level 8 in Fighting
  7737 | D:6      | Reached XP level 9. HP: 29/59 MP: 4/9
  7985 | D:6      | Reached *** piety under Trog
  8559 | D:7      | Found a staircase to the Ecumenical Temple.
  8588 | Temple   | Entered the Ecumenical Temple
  8934 | D:7      | Killed from afar by an orc priest

Skill      XL: |  1  2  3  4  5  6  7  8  9 |
---------------+----------------------------+-----
Dodging        | 1 2 3 |  3.0
Shields        | 4 5 |  5.0
Fighting       | 4 5 7 8 |  8.2
Armour         | 4 5 |  5.9
Maces & Flails | 3 4 5 6 |  6.6
Stealth        | |  0.2

Action                   |  1- 3 |  4- 6 |  7- 9 || total
-------------------------+-------+-------+-------++-------
Melee: Flail             |   170 |   321 |   678 ||  1169
Evoke: Rod               |       |     1 |       ||     1
  Use: Potion            |       |     6 |     5 ||    11
       Scroll            |       |    10 |     4 ||    14
  Eat: Chunk             |     2 |     7 |     6 ||    15
       Bread ration      |       |     2 |       ||     2
       Meat ration       |       |       |     1 ||     1
Armor: Scale mail        |   113 |    57 |       ||   170
       Chain mail        |       |   140 |    36 ||   176
       Plate armour      |       |       |   393 ||   393
Dodge: Dodged            |    63 |    73 |   107 ||   243
Block: Shield            |   104 |   145 |   351 ||   600
